[Event "Chinese Team-ch Men 2025"]
[Site "Zhang Jiakou Hebei"]
[Date "2025.04.28"]
[Round "4.30"]
[White "Zhang, Ziji"]
[Black "Liu, Huaqi"]
[Result "1-0"]
[Annotator "RC"]
[ECO "E51"]
[WhiteElo "2371"]
[BlackElo "1816"]
[PlyCount "45"]
[EventDate "2025.04.26"]
[EventType "team-tourn"]
[EventCountry "CHN"]
[SourceTitle "playchess.com"]
[Source "ChessBase"]
[SourceQuality "1"]
[TimeControl "5400+30"]

1. d4 Nf6 2. c4 e6 3. Nc3 Bb4 4. e3 O-O 5. Nf3 d5 6. Bd2 Re8 7. Rc1 c6 8. Be2 Nbd7 9. O-O Bd6 10. Qc2 dxc4 11. Bxc4 Nb6 12. Bb3 e5 13. Ng5 Rf8 14. dxe5 Bxe5 15. f4 Bd6 16. e4 h6 17. Nf3 Bc5+ 18. Kh1 Bg4 19. e5 Nfd7 20. h3 Be6 21. Ne4 Be7 22. Bxe6 fxe6 23. Nd4 1-0

[Event "Chinese Team-ch Men 2025"]
[Site "Zhang Jiakou Hebei"]
[Date "2025.04.28"]
[Round "4.31"]
[White "Liu, Junyi"]
[Black "Fan, Jingyi"]
[Result "0-1"]
[Annotator "RC"]
[ECO "B25"]
[WhiteElo "1714"]
[BlackElo "2175"]
[PlyCount "58"]
[EventDate "2025.04.26"]
[EventType "team-tourn"]
[EventCountry "CHN"]
[SourceTitle "playchess.com"]
[Source "ChessBase"]
[SourceQuality "1"]
[TimeControl "5400+30"]

1. e4 c5 2. Nc3 Nc6 3. g3 g6 4. Bg2 Bg7 5. d3 d6 6. Nd5 e6 7. Ne3 Nge7 8. f4 O-O 9. Ne2 Rb8 10. O-O Nd4 11. c3 Nxe2+ 12. Qxe2 b5 13. Nc2 a5 14. e5 b4 15. d4 cxd4 16. cxd4 Qb6 17. Re1 Ba6 18. Qe4 Rfc8 19. Bf1 Bb7 20. Qd3 Qc6 21. Ne3 Qh1+ 22. Kf2 Be4 23. Qe2 Qxh2+ 24. Ng2 Rc2 25. Bd2 Nf5 26. Qxe4 Rxd2+ 27. Re2 Qxg3+ 28. Kg1 d5 29. Qxf5 Rxe2 0-1

[Event "Chinese Team-ch Men 2025"]
[Site "Zhang Jiakou Hebei"]
[Date "2025.04.28"]
[Round "4.32"]
[White "Zhang, Jingran"]
[Black "Fang, Zelong"]
[Result "1-0"]
[Annotator "NA RC"]
[ECO "A33"]
[WhiteElo "1787"]
[BlackElo "1633"]
[PlyCount "139"]
[EventDate "2025.04.26"]
[EventType "team-tourn"]
[EventCountry "CHN"]
[SourceTitle "playchess.com"]
[Source "ChessBase"]
[SourceQuality "1"]
[TimeControl "5400+30"]

1. Nf3 c5 2. c4 e6 3. g3 Nf6 4. Bg2 Nc6 5. O-O Be7 6. Nc3 O-O 7. d4 cxd4 8. Nxd4 Bc5 9. Ndb5 a6 10. Nd6 Qc7 11. Nxc8 Raxc8 12. Bf4 Qd8 13. Qd2 Qe7 14. Rfd1 Rfd8 15. Bd6 Bxd6 16. Qxd6 Qxd6 17. Rxd6 Ne8 18. Rd2 Na5 19. b3 b5 20. Rad1 d5 21. e4 bxc4 22. b4 Nc6 23. exd5 Nxb4 24. dxe6 Rxd2 25. exf7+ Kxf7 26. Rxd2 Nf6 27. a3 Nd3 28. Bb7 Rb8 29. Bxa6 Ne5 30. Re2 Rb3 31. Rxe5 Rxc3 32. a4 Rc1+ 33. Kg2 c3 34. Rc5 Ne4 35. Rc7+ Kf6 36. Bd3 Ng5 37. a5 Ne6 38. Rc6 Ke5 39. a6 Kd4 40. a7 Ra1 41. Ba6 Nc7 42. Rc4+ Kd5 43. Rxc3 Rxa6 44. Rxc7 g5 45. Rxh7 Ke4 46. h3 Kf5 47. Rb7 Ra1 48. g4+ Kf4 49. Rf7+ Ke4 50. Rf5 Rxa7 51. Rxg5 Rf7 52. f3+ Ke3 53. Re5+ Kd4 54. Re4+ Kd5 55. h4 Rh7 56. g5 Rg7 57. Kg3 Rg8 58. Kg4 Ra8 59. g6 Ra1 60. Kg5 Rg1+ 61. Rg4 Ra1 62. g7 Ra8 63. Kh6 Ra6+ 64. Rg6 Ra4 65. g8=Q+ Ke5 66. Qe6+ Kf4 67. Rg4+ Kxf3 68. Qf5+ Ke3 69. Rg3+ Ke2 70. Qd3+ 1-0

[Event "Chinese Team-ch Men 2025"]
[Site "Zhang Jiakou Hebei"]
[Date "2025.04.28"]
[Round "4.33"]
[White "Ma, Lin"]
[Black "Fan, Yupan"]
[Result "1-0"]
[Annotator "RC"]
[ECO "D36"]
[WhiteElo "2221"]
[BlackElo "1527"]
[PlyCount "81"]
[EventDate "2025.04.26"]
[EventType "team-tourn"]
[EventCountry "CHN"]
[SourceTitle "playchess.com"]
[Source "ChessBase"]
[SourceQuality "1"]
[TimeControl "5400+30"]

1. d4 d5 2. c4 e6 3. Nc3 Nf6 4. Bg5 Be7 5. e3 c6 6. Nf3 O-O 7. Rc1 Nbd7 8. Bd3 b6 9. cxd5 exd5 10. O-O Bb7 11. Qc2 h6 12. Bh4 c5 13. Rfd1 c4 14. Bf5 Re8 15. b3 Rc8 16. Ne5 Bc6 17. Bxf6 Bxf6 18. Nxc6 Rxc6 19. Nxd5 b5 20. Qe2 Nf8 21. bxc4 bxc4 22. Nxf6+ Qxf6 23. Bg4 Qg5 24. Bf3 Rf6 25. Rxc4 Ng6 26. Rc5 Rf5 27. Qb5 Ree5 28. dxe5 Rxf3 29. e6 Qg4 30. Rd4 Rf4 31. exf7+ Kh7 32. f8=N+ Nxf8 33. Rxf4 Qd1+ 34. Qf1 Qd6 35. Qb1+ Ng6 36. Rg4 Qf6 37. h4 Qb6 38. Qc2 Qe6 39. Rg3 Kg8 40. Rxg6 Qf7 41. Rc8+ 1-0

[Event "Chinese Team-ch Men 2025"]
[Site "Zhang Jiakou Hebei"]
[Date "2025.04.29"]
[Round "5.1"]
[White "Wen, Yang"]
[Black "Li, Chao b"]
[Result "1/2-1/2"]
[Annotator "TA"]
[ECO "B73"]
[WhiteElo "2572"]
[BlackElo "2624"]
[PlyCount "61"]
[EventDate "2025.04.26"]
[EventType "team-tourn"]
[EventCountry "CHN"]
[SourceTitle "playchess.com"]
[Source "ChessBase"]
[SourceQuality "1"]
[TimeControl "5400+30"]

1. e4 c5 2. Nf3 d6 3. d4 cxd4 4. Nxd4 Nf6 5. Nc3 g6 6. Be2 Bg7 7. O-O O-O 8. Be3 Nc6 9. a4 Nxd4 {[%emt 0:04:42] B73: Sicilian Dragon: Classical System without 9 Nb3.} 10. Bxd4 Bd7 $146 (10... Qa5 11. Qd3 Be6 12. f4 Rfc8 13. b3 Nd7 14. Nb5 Nc5 15. Qe3 a6 16. Bxg7 Kxg7 17. Nd4 {0-1 Molchanov,A (2402)-Kepeshchuk,M (2269) Titled Tuesday intern op 12th Jan blitz 2021 (3)}) 11. a5 Bc6 {[%emt 0:02:46] White has an edge.} 12. e5 Ne4 13. exd6 {[%emt 0:02:08] [#] Threatens to win with Bxg7.} Nxc3 {[%emt 0:00:28] Black sacrificed a pawn} 14. Bxc3 Bxc3 15. bxc3 Qxd6 (15... exd6 {is interesting.} 16. Qd4 Qg5 17. f3 Rfe8) 16. Qxd6 exd6 17. Rfd1 Rfe8 18. Bf1 Re6 19. f3 Kf8 20. Bc4 Rf6 21. Bd5 {[%emt 0:04:31] The position is equal.} Rc8 22. Rab1 b6 23. axb6 axb6 24. Rxb6 Bxd5 25. Rxd5 Rxc3 26. Rbxd6 Rxd6 27. Rxd6 Rxc2 $11 {[%emt 0:00:05] KR-KR} 28. Rd4 h5 29. h4 Kg7 30. Kh2 Ra2 31. Re4 {[%emt 0:00:06] An even fight not without its subleties.   Weighted Error Value: White=0.07 (flawless) /Black=0.05 (flawless)   Inaccurate:     	White=2     	---        OK:         	White=10    	Black=6      Best:        	---       	Black=1} 1/2-1/2

[Event "Chinese Team-ch Men 2025"]
[Site "Zhang Jiakou Hebei"]
[Date "2025.04.29"]
[Round "5.2"]
[White "Xiu, Deshun"]
[Black "Zhao, Jun"]
[Result "1/2-1/2"]
[Annotator "RC"]
[ECO "B52"]
[WhiteElo "2516"]
[BlackElo "2532"]
[PlyCount "66"]
[EventDate "2025.04.26"]
[EventType "team-tourn"]
[EventCountry "CHN"]
[SourceTitle "playchess.com"]
[Source "ChessBase"]
[SourceQuality "1"]
[TimeControl "5400+30"]

1. e4 c5 2. Nf3 d6 3. Bb5+ Bd7 4. Bxd7+ Qxd7 5. c4 Nf6 6. Nc3 g6 7. d4 cxd4 8. Nxd4 Bg7 9. O-O O-O 10. f3 Rc8 11. b3 d5 12. exd5 Nxd5 13. Nxd5 e6 14. Bh6 exd5 15. Bxg7 Kxg7 16. Nb5 dxc4 17. Nd6 Rd8 18. Nxb7 Qxd1 19. Re1 Qxa1 20. Rxa1 Rd1+ 21. Rxd1 cxb3 22. axb3 Nc6 23. Rd6 Rb8 24. Rxc6 Rxb7 25. Ra6 Rb6 26. b4 Rxb4 27. Rxa7 Rb3 28. Ra5 h5 29. Ra4 Rb1+ 30. Kf2 Rb2+ 31. Kg1 Rb1+ 32. Kf2 Rb2+ 33. Kg1 Rb1+ 1/2-1/2

[Event "Chinese Team-ch Men 2025"]
[Site "Zhang Jiakou Hebei"]
[Date "2025.04.29"]
[Round "5.3"]
[White "Xiao, Tong"]
[Black "Peng, Hongchi"]
[Result "1-0"]
[Annotator "RC"]
[ECO "C02"]
[WhiteElo "2496"]
[BlackElo "2419"]
[PlyCount "81"]
[EventDate "2025.04.26"]
[EventType "team-tourn"]
[EventCountry "CHN"]
[SourceTitle "playchess.com"]
[Source "ChessBase"]
[SourceQuality "1"]
[TimeControl "5400+30"]

1. e4 e6 2. d4 d5 3. e5 c5 4. c3 Nc6 5. Nf3 Bd7 6. Be2 Nge7 7. O-O Nf5 8. dxc5 Bxc5 9. Bd3 Nh4 10. Nbd2 f5 11. c4 Nxf3+ 12. Nxf3 d4 13. a3 a5 14. b3 O-O 15. Qe2 Qe7 16. Ne1 g5 17. Nc2 Qg7 18. Re1 f4 19. Bd2 f3 20. Qe4 fxg2 21. Bxg5 Be7 22. Bxe7 Nxe7 23. Nxd4 Nf5 24. Nxf5 Rxf5 25. Qxb7 Rff8 26. Qxg2 Rab8 27. Rab1 Rf4 28. Qxg7+ Kxg7 29. Re4 Rf3 30. Rd4 Bc6 31. b4 Rh3 32. Rg4+ Kf7 33. Rg3 Rxg3+ 34. hxg3 Rd8 35. Rb3 h5 36. b5 Ba8 37. f4 Rd4 38. Kf2 h4 39. Ke3 Rxd3+ 40. Rxd3 h3 41. Rd2 1-0

[Event "Chinese Team-ch Men 2025"]
[Site "Zhang Jiakou Hebei"]
[Date "2025.04.29"]
[Round "5.4"]
[White "Zhang, Di"]
[Black "Huang, Renjie"]
[Result "1/2-1/2"]
[Annotator "RC"]
[ECO "C47"]
[WhiteElo "2406"]
[BlackElo "2491"]
[PlyCount "69"]
[EventDate "2025.04.26"]
[EventType "team-tourn"]
[EventCountry "CHN"]
[SourceTitle "playchess.com"]
[Source "ChessBase"]
[SourceQuality "1"]
[TimeControl "5400+30"]

1. e4 e5 2. Nc3 Nf6 3. g3 d5 4. exd5 Nxd5 5. Bg2 Nxc3 6. bxc3 Bd6 7. Nf3 O-O 8. O-O Nc6 9. d4 Bg4 10. h3 Bh5 11. g4 Bg6 12. Rb1 exd4 13. cxd4 Be4 14. Re1 f5 15. gxf5 Bxf5 16. Rxb7 Qc8 17. Ne5 Qxb7 18. Bxc6 Qc8 19. Bxa8 Qxa8 20. Re3 Qd8 21. c3 Be6 22. Qc2 c5 23. Rg3 Kh8 24. Qe2 cxd4 25. cxd4 Qb6 26. Ba3 Bxa3 27. Rxa3 Qxd4 28. Rd3 Qc5 29. Qe3 Qb5 30. a3 Re8 31. Qg5 Qb1+ 32. Kh2 Qb2 33. Rf3 Kg8 34. Ng4 Qb8+ 35. Rg3 1/2-1/2

[Event "Chinese Team-ch Men 2025"]
[Site "Zhang Jiakou Hebei"]
[Date "2025.04.29"]
[Round "5.5"]
[White "Xu, Yi"]
[Black "Bai, Jinshi"]
[Result "1/2-1/2"]
[Annotator "RC"]
[ECO "C47"]
[WhiteElo "2480"]
[BlackElo "2569"]
[PlyCount "54"]
[EventDate "2025.04.26"]
[EventType "team-tourn"]
[EventCountry "CHN"]
[SourceTitle "playchess.com"]
[Source "ChessBase"]
[SourceQuality "1"]
[TimeControl "5400+30"]

1. e4 e5 2. Nf3 Nc6 3. Nc3 Nf6 4. d4 exd4 5. Nxd4 Bb4 6. Nxc6 bxc6 7. Bd3 O-O 8. O-O d5 9. Bd2 Bxc3 10. Bxc3 dxe4 11. Bxf6 Qxf6 12. Bxe4 Qxb2 13. Bxc6 Rb8 14. Rb1 Qxb1 15. Qxb1 Rxb1 16. Rxb1 Rd8 17. Bf3 Kf8 18. Rb8 Re8 19. h4 Ba6 20. Rb3 Bc4 21. Rb7 a6 22. Rxc7 Bxa2 23. c4 Re7 24. Rc8+ Re8 25. Rc7 Re7 26. Rc8+ Re8 27. Rc7 Re7 1/2-1/2

[Event "Chinese Team-ch Men 2025"]
[Site "Zhang Jiakou Hebei"]
[Date "2025.04.29"]
[Round "5.6"]
[White "Kong, Xiangrui"]
[Black "Lou, Yiping"]
[Result "1/2-1/2"]
[Annotator "RC"]
[ECO "E48"]
[WhiteElo "2451"]
[BlackElo "2464"]
[PlyCount "81"]
[EventDate "2025.04.26"]
[EventType "team-tourn"]
[EventCountry "CHN"]
[SourceTitle "playchess.com"]
[Source "ChessBase"]
[SourceQuality "1"]
[TimeControl "5400+30"]

1. d4 Nf6 2. c4 e6 3. Nc3 Bb4 4. e3 O-O 5. Bd3 c5 6. Nge2 d5 7. cxd5 cxd4 8. exd4 Qxd5 9. O-O Qh5 10. a3 Bd6 11. Bf4 Bxf4 12. Nxf4 Qh6 13. Qf3 Nc6 14. Nfe2 Rd8 15. Rad1 Bd7 16. Bb1 Rab8 17. d5 exd5 18. Nxd5 Be6 19. Nxf6+ Qxf6 20. Qxf6 gxf6 21. Nf4 h6 22. h3 Kf8 23. Rc1 Rd4 24. Nxe6+ fxe6 25. Rfe1 Ke7 26. Ba2 e5 27. b4 Rd2 28. Bb1 Rbd8 29. Be4 Nd4 30. Rc7+ Rd7 31. Rxd7+ Kxd7 32. Bxb7 Nc2 33. Rc1 Nxa3 34. Be4 Rd4 35. Bf5+ Kd6 36. Ra1 Nb5 37. Ra6+ Ke7 38. Ra5 Rxb4 39. Bd3 Nd6 40. Rxa7+ Rb7 41. Rxb7+ 1/2-1/2

[Event "Chinese Team-ch Men 2025"]
[Site "Zhang Jiakou Hebei"]
[Date "2025.04.29"]
[Round "5.7"]
[White "Meng, Yihan"]
[Black "Xie, Kaifan"]
[Result "1/2-1/2"]
[Annotator "RC"]
[ECO "C54"]
[WhiteElo "2433"]
[BlackElo "2435"]
[PlyCount "60"]
[EventDate "2025.04.26"]
[EventType "team-tourn"]
[EventCountry "CHN"]
[SourceTitle "playchess.com"]
[Source "ChessBase"]
[SourceQuality "1"]
[TimeControl "5400+30"]

1. e4 e5 2. Nf3 Nc6 3. Bc4 Nf6 4. d3 Bc5 5. c3 O-O 6. O-O d5 7. exd5 Nxd5 8. Re1 Bg4 9. h3 Bh5 10. Nbd2 Nb6 11. Bb3 Qxd3 12. Nxe5 Qf5 13. Nef3 Rfe8 14. g4 Bxg4 15. hxg4 Qxg4+ 16. Kh1 Ne5 17. Nh2 Qg6 18. Bc2 Nd3 19. Bxd3 Qxd3 20. Nb3 Qd5+ 21. f3 Rxe1+ 22. Qxe1 Bd6 23. Nd2 Kf8 24. Ndf1 Re8 25. Qd2 Qxd2 26. Bxd2 Nc4 27. Re1 Rxe1 28. Bxe1 Nxb2 29. Ne3 Nd3 30. Bd2 Bf4 1/2-1/2

[Event "Chinese Team-ch Men 2025"]
[Site "Zhang Jiakou Hebei"]
[Date "2025.04.29"]
[Round "5.8"]
[White "Jin, Yueheng"]
[Black "Gong, Sunle"]
[Result "1/2-1/2"]
[Annotator "RC"]
[ECO "E04"]
[WhiteElo "2383"]
[BlackElo "2410"]
[PlyCount "73"]
[EventDate "2025.04.26"]
[EventType "team-tourn"]
[EventCountry "CHN"]
[SourceTitle "playchess.com"]
[Source "ChessBase"]
[SourceQuality "1"]
[TimeControl "5400+30"]

1. c4 e6 2. Nf3 d5 3. d4 Nf6 4. g3 dxc4 5. Bg2 c5 6. O-O Nc6 7. dxc5 Qxd1 8. Rxd1 Bxc5 9. Nbd2 c3 10. bxc3 O-O 11. Nb3 Be7 12. Nfd4 Bd7 13. Nxc6 Bxc6 14. Bxc6 bxc6 15. Be3 a5 16. a4 Nd5 17. Bd4 Rfb8 18. Rab1 Bf6 19. Bxf6 gxf6 20. Rdc1 Kf8 21. e4 Ne7 22. Kf1 f5 23. Nc5 Ke8 24. f3 fxe4 25. fxe4 Ng6 26. Nd3 Ke7 27. Ke2 f6 28. Ke3 Nf8 29. Nb2 Kd8 30. Nc4 Rxb1 31. Rxb1 Kc7 32. e5 f5 33. Nd6 Ra7 34. Ne8+ Kc8 35. Nd6+ Kc7 36. Ne8+ Kc8 37. Nd6+ 1/2-1/2

[Event "Chinese Team-ch Men 2025"]
[Site "Zhang Jiakou Hebei"]
[Date "2025.04.29"]
[Round "5.9"]
[White "Xu, Xiangyu"]
[Black "Yu, Shaoteng"]
[Result "1-0"]
[Annotator "TA"]
[ECO "A40"]
[WhiteElo "2623"]
[BlackElo "2480"]
[PlyCount "37"]
[EventDate "2025.04.26"]
[EventType "team-tourn"]
[EventCountry "CHN"]
[SourceTitle "playchess.com"]
[Source "ChessBase"]
[SourceQuality "1"]
[TimeControl "5400+30"]

1. d4 e6 2. Bf4 c5 3. e3 cxd4 4. exd4 Qb6 5. Nc3 Qxb2 6. Nb5 {[%emt 0:00:18] A40: Unusual replies to 1 d4.} Bb4+ 7. Ke2 {[%emt 0:00:03] Black must now prevent Rb1.} Nc6 8. Kf3 $146 (8. Qb1 $11 {remains equal.} Qxb1 (8... Nxd4+ 9. Kd3 $16) 9. Nc7+ (9. Rxb1 Ba5 $16) 9... Kd8 10. Rxb1) (8. h4 Nf6 9. Rb1 Qxa2 10. Nc7+ Ke7 11. Nxa8 Nd5 12. Bg5+ f6 13. Ra1 Nc3+ 14. Kd3 Ne5+ 15. dxe5 Qd5+ 16. Ke3 Nxd1+ {0-1 Atanasov,A (2420)-Xu,X (2637) Titled Tuesday intern op 14th May Early blitz 2024 (3)}) 8... e5 (8... Nf6 $17 {White must now prevent ...0-0.} 9. c3 d5 (9... Bxc3 10. Rb1 $14) 10. cxb4 (10. Rb1 e5 $11) 10... e5) 9. Rb1 (9. dxe5 $11 Nxe5+ 10. Ke2 (10. Kg3 g5 $11)) 9... Nxd4+ $17 (9... Qxa2 10. dxe5 (10. Bxe5 d6 $11) 10... Qa5 11. Ra1 $16) 10. Qxd4 Qxb1 $15 11. Bxe5 Qxf1 $2 ({Black should play} 11... b6 $1 $17 12. Qe4 (12. Nc7+ Kd8 $19) 12... Ne7 (12... Qxf1 13. Bd6+ Ne7 14. Qxe7#) 13. Nc7+ Kd8) 12. Ne2 {[%emt 0:01:53] Chess con chili.} Qxh1 13. Qxb4 $40 {[%emt 0:00:05][%mdl 128] Nc7+ would kill now. Black needs to defend precisely.} Nf6 $2 (13... Ne7 $11 14. Nd6+ Kd8 (14... Kf8 $2 15. Qc4 $18)) 14. Nc7+ {[%emt 0:06:28] A dynamic duo of knights.} Kd8 {[%emt 0:00:20] [#] A mistake that costs the game.} 15. Bxf6+ $1 gxf6 {[%emt 0:00:35] [#]} 16. Nd5 $1 Re8 17. Qd6 Re6 18. Qf8+ Re8 19. Qxf7 {[%emt 0:00:09] Weighted Error Value: White=0.51/Black=0.99  Loses game:     	---       	Black=2      Mistake:       	White=3     	Black=2      Inaccurate:     	White=1     	---        OK:         	White=3     	Black=2      Best:        	---       	Black=4} 1-0

[Event "Chinese Team-ch Men 2025"]
[Site "Zhang Jiakou Hebei"]
[Date "2025.04.29"]
[Round "5.10"]
[White "Jiang, Haochen"]
[Black "Li, Di"]
[Result "1/2-1/2"]
[Annotator "RC"]
[ECO "B12"]
[WhiteElo "2441"]
[BlackElo "2571"]
[PlyCount "90"]
[EventDate "2025.04.26"]
[EventType "team-tourn"]
[EventCountry "CHN"]
[SourceTitle "playchess.com"]
[Source "ChessBase"]
[SourceQuality "1"]
[TimeControl "5400+30"]

1. e4 c6 2. d4 d5 3. e5 h5 4. c4 Bf5 5. Nc3 e6 6. Be2 Ne7 7. Nf3 Nd7 8. O-O a6 9. Bg5 f6 10. exf6 gxf6 11. Nh4 Qb6 12. Bxh5+ Kd8 13. Bf4 Qxb2 14. Rc1 dxc4 15. Nxf5 Nxf5 16. Bf7 Rh4 17. g3 Bd6 18. Bxe6 Bxf4 19. Rc2 Qxc2 20. Qxc2 Nxd4 21. Qb1 Nxe6 22. gxh4 Kc7 23. Qf5 Re8 24. Qa5+ Kc8 25. Rd1 Ndc5 26. Qb4 b5 27. a4 Rg8+ 28. Kf1 Bxh2 29. axb5 axb5 30. Nxb5 cxb5 31. Qxb5 Rg1+ 32. Ke2 Nf4+ 33. Kf3 Rxd1 34. Qxc5+ Kd7 35. Qxc4 Rd5 36. Qa4+ Ke7 37. Qe4+ Kf8 38. Qb4+ Kf7 39. Qb7+ Kg6 40. h5+ Rxh5 41. Qe4+ Kf7 42. Qb7+ Kg6 43. Qc8 f5 44. Qg8+ Kf6 45. Qf8+ Kg6 1/2-1/2

[Event "Chinese Team-ch Men 2025"]
[Site "Zhang Jiakou Hebei"]
[Date "2025.04.29"]
[Round "5.11"]
[White "Zhao, Yuanhe"]
[Black "Chen, KaiLin"]
[Result "1-0"]
[Annotator "RC"]
[ECO "A13"]
[WhiteElo "2482"]
[BlackElo "2329"]
[PlyCount "39"]
[EventDate "2025.04.26"]
[EventType "team-tourn"]
[EventCountry "CHN"]
[SourceTitle "playchess.com"]
[Source "ChessBase"]
[SourceQuality "1"]
[TimeControl "5400+30"]

1. Nf3 Nf6 2. c4 e6 3. Nc3 d5 4. e3 Be7 5. b3 O-O 6. Bb2 c5 7. cxd5 Nxd5 8. Nxd5 exd5 9. Rc1 Nc6 10. Bb5 Bd7 11. O-O Nb4 12. Bxd7 Qxd7 13. Ne5 Qf5 14. a3 Nd3 15. Qc2 c4 16. Nxd3 cxd3 17. Qc7 Qe6 18. b4 b6 19. Rc6 Qe4 20. f3 1-0

[Event "Chinese Team-ch Men 2025"]
[Site "Zhang Jiakou Hebei"]
[Date "2025.04.29"]
[Round "5.12"]
[White "Yu, Kaifeng"]
[Black "Jiang, Qinyu"]
[Result "1/2-1/2"]
[Annotator "RC"]
[ECO "D39"]
[WhiteElo "2312"]
[BlackElo "2280"]
[PlyCount "82"]
[EventDate "2025.04.26"]
[EventType "team-tourn"]
[EventCountry "CHN"]
[SourceTitle "playchess.com"]
[Source "ChessBase"]
[SourceQuality "1"]
[TimeControl "5400+30"]

1. d4 Nf6 2. c4 e6 3. Nf3 d5 4. Nc3 dxc4 5. e4 Bb4 6. Bg5 c5 7. Bxc4 cxd4 8. Nxd4 Bxc3+ 9. bxc3 Qa5 10. Bb5+ Nbd7 11. Bxf6 Qxc3+ 12. Kf1 gxf6 13. h4 a6 14. Rh3 Qb4 15. Be2 Ne5 16. Rc1 Qd6 17. Qd2 Bd7 18. Qe3 Rc8 19. Rd1 Qc5 20. Qh6 Ke7 21. g4 Rhg8 22. g5 fxg5 23. hxg5 Rg6 24. Qxh7 Ba4 25. Nb3 Qb6 26. f4 Nd7 27. Rhd3 Qc7 28. Qh4 Qb8 29. Rh3 Rcg8 30. e5 Qc7 31. Qe1 Bc6 32. Qb4+ Ke8 33. Qd6 Qxd6 34. Rxd6 Nxe5 35. fxe5 Rxg5 36. Bf3 Rg1+ 37. Ke2 Bb5+ 38. Kd2 R8g5 39. Bxb7 Rxe5 40. Bxa6 Rg2+ 41. Kc3 Rxa2 1/2-1/2

[Event "Chinese Team-ch Men 2025"]
[Site "Zhang Jiakou Hebei"]
[Date "2025.04.29"]
[Round "5.13"]
[White "Dai, Changren"]
[Black "Chen, Qi b"]
[Result "1/2-1/2"]
[Annotator "RC"]
[ECO "C67"]
[WhiteElo "2527"]
[BlackElo "2482"]
[PlyCount "66"]
[EventDate "2025.04.26"]
[EventType "team-tourn"]
[EventCountry "CHN"]
[SourceTitle "playchess.com"]
[Source "ChessBase"]
[SourceQuality "1"]
[TimeControl "5400+30"]

1. e4 e5 2. Nf3 Nc6 3. Bb5 Nf6 4. O-O Nxe4 5. Re1 Nd6 6. Nxe5 Be7 7. Bf1 Nxe5 8. Rxe5 O-O 9. Nc3 Ne8 10. Nd5 Bd6 11. Re1 c6 12. Ne3 Bc7 13. Nf5 d5 14. Ne7+ Kh8 15. Nxc8 Rxc8 16. d3 Nf6 17. Qf3 Qd7 18. g3 Rce8 19. Bg5 Bd8 20. a4 Kg8 21. b4 Rxe1 22. Rxe1 Re8 23. Rxe8+ Nxe8 24. Bd2 g6 25. h4 Ng7 26. Bg2 Ne6 27. c3 a6 28. h5 f5 29. b5 axb5 30. axb5 Bf6 31. hxg6 hxg6 32. g4 f4 33. bxc6 bxc6 1/2-1/2

[Event "Chinese Team-ch Men 2025"]
[Site "Zhang Jiakou Hebei"]
[Date "2025.04.29"]
[Round "5.14"]
[White "Jin, Hongtao"]
[Black "Wang, Shixu B"]
[Result "0-1"]
[Annotator "RC"]
[ECO "B90"]
[WhiteElo "2343"]
[BlackElo "2452"]
[PlyCount "64"]
[EventDate "2025.04.26"]
[EventType "team-tourn"]
[EventCountry "CHN"]
[SourceTitle "playchess.com"]
[Source "ChessBase"]
[SourceQuality "1"]
[TimeControl "5400+30"]

1. e4 c5 2. Nf3 d6 3. d4 cxd4 4. Nxd4 Nf6 5. Nc3 a6 6. Be3 e5 7. Nb3 Be6 8. h3 Be7 9. Qf3 O-O 10. g4 a5 11. a4 Na6 12. O-O-O Rc8 13. Bb5 Rxc3 14. bxc3 Nc7 15. Bb6 Qc8 16. Bxc7 Qxc7 17. c4 Rc8 18. Qd3 Nd7 19. Kb2 Nb6 20. Nxa5 h6 21. Ra1 d5 22. exd5 Nxd5 23. cxd5 e4 24. Qd2 Bf6+ 25. Kb1 Bxd5 26. c4 e3 27. Qxd5 Qxa5 28. fxe3 Qc3 29. Ra2 Qb3+ 30. Kc1 Qxa2 31. Qxb7 Qb2+ 32. Kd1 Rd8+ 0-1

[Event "Chinese Team-ch Men 2025"]
[Site "Zhang Jiakou Hebei"]
[Date "2025.04.29"]
[Round "5.15"]
[White "Chu, Weichao"]
[Black "Yang, ZiLong"]
[Result "1-0"]
[Annotator "RC"]
[ECO "E05"]
[WhiteElo "2406"]
[BlackElo "2337"]
[PlyCount "99"]
[EventDate "2025.04.26"]
[EventType "team-tourn"]
[EventCountry "CHN"]
[SourceTitle "playchess.com"]
[Source "ChessBase"]
[SourceQuality "1"]
[TimeControl "5400+30"]

1. d4 Nf6 2. c4 e6 3. Nf3 d5 4. g3 Be7 5. Bg2 O-O 6. O-O dxc4 7. Qc2 a6 8. Qxc4 b5 9. Qc2 Bb7 10. Bd2 Be4 11. Qc1 Bb7 12. a3 Nbd7 13. Ba5 Bd6 14. Nbd2 Rc8 15. Re1 Qe7 16. e4 e5 17. b4 Rfe8 18. Ra2 Qf8 19. dxe5 Nxe5 20. Nxe5 Bxe5 21. Rc2 Qe7 22. Nb3 c6 23. Nc5 Bd4 24. Rd2 Bxc5 25. bxc5 Nd7 26. e5 Nf6 27. Rd6 Nd5 28. Bxd5 cxd5 29. c6 Ba8 30. Bb6 d4 31. c7 f6 32. f4 fxe5 33. fxe5 d3 34. Rxd3 Qe6 35. Ba5 h6 36. Rd6 Qf7 37. Rf1 Qb3 38. Qc5 Qa2 39. Rd2 Qb3 40. Rd7 Qe6 41. Qd6 Qg4 42. Rff7 Be4 43. Rxg7+ Qxg7 44. Rxg7+ Kxg7 45. Bd2 Bg6 46. h4 h5 47. e6 Bf5 48. Qe5+ Kg6 49. e7 Bg4 50. Bc3 1-0

[Event "Chinese Team-ch Men 2025"]
[Site "Zhang Jiakou Hebei"]
[Date "2025.04.29"]
[Round "5.16"]
[White "Yu, Zechen"]
[Black "Xi, Qi"]
[Result "0-1"]
[Annotator "RC"]
[ECO "C14"]
[WhiteElo "2116"]
[BlackElo "2257"]
[PlyCount "82"]
[EventDate "2025.04.26"]
[EventType "team-tourn"]
[EventCountry "CHN"]
[SourceTitle "playchess.com"]
[Source "ChessBase"]
[SourceQuality "1"]
[TimeControl "5400+30"]

1. e4 e6 2. d4 d5 3. Nc3 Nf6 4. Bg5 Be7 5. e5 Nfd7 6. Bxe7 Qxe7 7. f4 a6 8. Nf3 c5 9. Qd2 Nc6 10. Ne2 f6 11. O-O-O b5 12. g4 fxe5 13. dxe5 Bb7 14. Bg2 O-O-O 15. Ng3 Rhf8 16. Rhe1 Nb6 17. f5 Kb8 18. fxe6 g6 19. Kb1 Nc4 20. Qc1 d4 21. Nf1 Nb4 22. b3 Bxf3 23. Bxf3 Rxf3 24. bxc4 Rc3 25. Qf4 Nxc2 26. Qf6 Re8 27. Re2 Na3+ 28. Ka1 Nxc4 29. Ng3 d3 30. Rf2 Ne3 31. Rg1 Qxe6 32. Qxe6 Rxe6 33. Ne4 Rc4 34. Rf8+ Kc7 35. Nd6 Rd4 36. Rc8+ Kd7 37. Ra8 d2 38. Ra7+ Kc6 39. Rxa6+ Kd5 40. Kb2 d1=Q 41. Rxd1 Nxd1+ 0-1

[Event "Chinese Team-ch Men 2025"]
[Site "Zhang Jiakou Hebei"]
[Date "2025.04.29"]
[Round "5.17"]
[White "Wang, Yiye"]
[Black "Xu, Yinglun"]
[Result "1/2-1/2"]
[Annotator "RC"]
[ECO "C11"]
[WhiteElo "2446"]
[BlackElo "2522"]
[PlyCount "36"]
[EventDate "2025.04.26"]
[EventType "team-tourn"]
[EventCountry "CHN"]
[SourceTitle "playchess.com"]
[Source "ChessBase"]
[SourceQuality "1"]
[TimeControl "5400+30"]

1. d4 e6 2. e4 d5 3. Nc3 Nf6 4. e5 Nfd7 5. f4 c5 6. Nf3 Nc6 7. Be3 cxd4 8. Nxd4 Qb6 9. Ncb5 a6 10. Nf5 Bc5 11. Nbd6+ Kf8 12. Qh5 Nd8 13. Nxg7 Bxe3 14. Nxe6+ fxe6 15. Qh6+ Kg8 16. Qg5+ Kf8 17. Qh6+ Kg8 18. Qg5+ Kf8 1/2-1/2